 Dungeon Crawl Stone Soup version 0.28.0-53-g5a82cb258f (webtiles) character file.

Game seed: 4979202487419934731

186 ILmort the Skirmisher (level 5, 0/50 HPs)
             Began as a Minotaur Fighter on Aug 9, 2022.
             Slain by Ijyb
             ... wielding a +0 dagger of speed
              (2 damage)
             ... on level 3 of the Dungeon.
             The game lasted 00:04:48 (2526 turns).

ILmort the Skirmisher (Minotaur Fighter)            Turns: 2526, Time: 00:04:48

Health: 0/50       AC:  7    Str: 22    XL:     5   Next: 38%
Magic:  4/4        EV:  9    Int:  5    God:
Gold:   205        SH:  4    Dex: 10    Spells: 4/4 levels left

rFire   . . .      SeeInvis .   a - +0 flail
rCold   . . .      Faith    .   c - +0 buckler
rNeg    . . .      Spirit   .   b - +0 scale mail
rPois   .          Reflect  .   (helmet restricted)
rElec   .          Harm     .   (no cloak)
rCorr   .          Rampage  .   (no gloves)
Will    .....                   (no boots)
Stlth   ..........              (no amulet)
HPRegen 0.16/turn               (no ring)
MPRegen 0.09/turn               (no ring)

@: no status effects
A: horns 2, retaliatory headbutt
a: no special abilities


You were on level 3 of the Dungeon.
You visited 1 branch of the dungeon, and saw 4 of its levels.

You collected 205 gold pieces.

Inventory:

Hand Weapons
 a - a +0 flail (weapon)
Armour
 b - a +0 scale mail (worn)
 c - a +0 buckler (worn)
Wands
 l - a wand of paralysis (6)
Scrolls
 f - a scroll of holy word {unknown}
 g - a scroll of magic mapping {unknown}
 h - 3 scrolls of identify {unknown}
Potions
 d - a potion of might
 i - a potion of mutation {unknown}
 j - a potion of attraction {unknown}
 k - a potion of curing {unknown}


   Skills:
 + Level 5.7 Fighting
 + Level 5.0 Maces & Flails
 - Level 3.8 Armour
 - Level 3.8 Shields


You had 4 spell levels left.
You didn't know any spells.
Your spell library contained the following spells:

 Spells                   Type           Power      Damage    Failure   Level
 Tukima's Dance           Hex            0%         N/A       99%         3
 Passage of Golubria      Tloc           0%         N/A       100%        4
 Yara's Violent Unravell  Hex/Tmut       0%         3d3       100%        5


Dungeon Overview and Level Annotations

Branches:
Dungeon (4/15)
 Temple: D:4-7

Altars:
Cheibriados
Beogh

Annotations:
D:3 Ijyb


Innate Abilities, Weirdness & Mutations

You have a pair of horns on your head.
You reflexively headbutt those who attack you in melee.


Message History

You closely miss the adder. The adder closely misses you. The adder bites you.
You miss the adder.
The adder bites you but does no damage. x2
You sock the adder!
You kill the adder!
The orc hits you with a +0 short sword.
Your Maces & Flails skill increases to level 5!
The orc closely misses you.
Ijyb zaps a wand.
The mass of ice explodes!
The iceblast engulfs the orc.
The orc dies!
The iceblast engulfs you!
* * * LOW HITPOINT WARNING * * *
Ijyb zaps a wand.
The mass of ice explodes!
The iceblast engulfs you.
* * * LOW HITPOINT WARNING * * *
The now-empty wand crumbles to dust.
You hear a shout!
Ijyb grins evilly.
There is a stone staircase leading down here.
You block Ijyb's attack. Ijyb hits you but does no damage.
Ijyb hits you with a +0 dagger of speed.
* * * LOW HITPOINT WARNING * * *
Ijyb barely misses you.
There is a stone staircase leading up here.
Ijyb barely misses you.
Ijyb hits you with a +0 dagger of speed.
* * * LOW HITPOINT WARNING * * *
You climb upwards.
There is a stone staircase leading down here.
Sorry, you're not good enough to have a special ability.
Okay, then.
As you read the scroll labelled GINGOA FESI, it crumbles to dust.
The scroll dissolves into smoke.
It was a scroll of fog.
Ijyb hits you but does no damage.
You hit Ijyb.
Ijyb is moderately wounded.
You block Ijyb's attack. Ijyb hits you but does no damage.
You closely miss Ijyb.
Ijyb is moderately wounded.
Ijyb hits you with a +0 dagger of speed.
You die...

##...........#######.
###.#######.÷....##.
#....###....##....
####........####..
####.##.....# ##.
#.....#.....# #.
####§§.#.......# #.
#.§§§g.........# #.
#.§§@§§......### #.
#.§§§§§...#..## ##
#.§§§§§...#...# ####
#####§.##.##..####...
#......##....#.......
#..<.................
#.......####.#.......
#......## #.#.......
#.......####.##..##..


You could see Ijyb.

Vanquished Creatures
  An orc priest (D:3)
  2 orc wizards
  4 adders
  A worm (D:4)
  3 dart slugs
  2 orcs
  6 ball pythons
  6 endoplasms
  2 giant cockroaches
  6 goblins
  11 hobgoblins
  3 quokkas
  3 bats
  2 frilled lizards
  4 kobolds
  3 rats
59 creatures vanquished.

Vanquished Creatures (others)
  An orc (D:4)
  A plant (D:3)
2 creatures vanquished.

Grand Total: 61 creatures vanquished

Notes
Turn   | Place    | Note
-------+----------+-------------------------------------------
     0 | D:1      | ILmort the Minotaur Fighter began the quest for the Orb.
     0 | D:1      | Reached XP level 1. HP: 19/19 MP: 0/0
   445 | D:1      | Reached XP level 2. HP: 26/27 MP: 1/1
  1112 | D:2      | Found a snail-covered altar of Cheibriados.
  1175 | D:2      | Reached XP level 3. HP: 33/33 MP: 2/2
  1781 | D:3      | Reached XP level 4. HP: 6/41 MP: 3/3
  1782 | D:3      | Reached skill level 5 in Fighting
  2292 | D:3      | Reached XP level 5. HP: 48/48 MP: 4/4
  2292 | D:3      | Found a faded altar of an unknown god.
  2479 | D:4      | Noticed Ijyb
  2486 | D:4      | Reached skill level 5 in Maces & Flails
  2522 | D:4      | HP: 2/50 [Ijyb/+0 dagger of speed (2)]
  2526 | D:3      | Slain by Ijyb

Illustrated notes

Levels and vault maps discovered:
D:1:      matt_arrival_los_fun, layout_basic, hangedman_decor_growths,
          kennysheep_nondescript, hangedman_glass_teeth
D:2:      layout_loops_cross, basic_altar
D:3:      layout_rooms, shapermc_ecumenical_altar_acropolis,
          kennysheep_orc_chapel
D:4:      layout_rooms, serial_shops, kennysheep_mini, serial_curves,
          eino_curves_01, eino_curves_04, uniq_blork_the_orc, uniq_ijyb

Skill      XL: |  1  2  3  4  5 |
---------------+----------------+-----
Fighting       | 4 5 |  5.7
Maces & Flails | 3 4 5 |  5.0
Armour         | |  3.8
Shields        | |  3.8

Action                   |  1- 3 |  4- 6 || total
-------------------------+-------+-------++-------
Melee: Flail             |    93 |    47 ||   140
       Headbutt          |    11 |     9 ||    20
  Use: Scroll            |       |     1 ||     1
Armor: Scale mail        |    58 |    17 ||    75
Dodge: Dodged            |    43 |    14 ||    57
Block: Buckler           |    23 |    14 ||    37
